 Dungeon Sprint DCSS version 0.29.1 (webtiles) character file.

Game seed: 14401957731574967756

271 rocky1 the Carver (level 6, -1/51 HPs)
             Began as a Merfolk Gladiator on Sept 13, 2022.
             Was an Initiate of Gozag.
             Killed from afar by an orc wizard (7 damage)
             ... with a puff of flame
             ... in the Dungeon (Sprint VII: "The Pits").
             The game lasted 00:01:37 (184 turns).

rocky1 the Carver (Merfolk Gladiator)                Turns: 184, Time: 00:01:39

Health: -1/51      AC:  4    Str: 14    XL:     6   Next: 23%
Magic:  6/6        EV: 15    Int:  8    God:    Gozag
Gold:   351        SH:  0    Dex: 17    Spells: 5/5 levels left

rFire   . . .      SeeInvis .   a - +0 long sword
rCold   . . .      Faith    .   (no shield)
rNeg    . . .      Spirit   .   b - +0 leather armour
rPois   .          Reflect  .   c - +0 helmet
rElec   .          Harm     .   (no cloak)
rCorr   .          Rampage  .   (no gloves)
Will    .....      NoTele   +   (no boots)
Stlth   +.........              (no amulet)
HPRegen 0.17/turn               (no ring)
MPRegen 0.10/turn               (no ring)

@: confused, on berserk cooldown, slowed, very slow
A: (nimble swimmer 2), mertail
a: Renounce Religion, Potion Petition, Call Merchant, Bribe Branch


You were in the Dungeon.
You worshipped Gozag.
Gozag was aware of your devotion.
You visited 1 branch You collected 351 gold pieces.

Inventory:

Hand Weapons
 a - a +0 long sword (weapon)
 o - a +2 falchion
 p - a +2 trident
Missiles
 d - 3 throwing nets (quivered)
 e - a javelin
Armour
 b - a +0 leather armour (worn)
 c - a +0 helmet (worn)
Scrolls
 k - a scroll of blinking
 m - 5 scrolls of amnesia
 n - a scroll of summoning
Potions
 h - a potion of haste
 i - 4 potions of magic
 j - 2 potions of berserk rage
 l - 2 potions of invisibility


   Skills:
 + Level 5.4 Fighting
 + Level 12.0 Long Blades
 - Level 2.0 Throwing
 + Level 3.1 Armour
 + Level 7.2 Dodging


You had 5 spell levels left.
You didn't know any spells.
Your spell library was empty.

Dungeon Overview and Level Annotations

Branches:
Dungeon (1/1)

Altars:
Ashenzari
Cheibriados
Dithmenos
Elyvilon
Fedhas
Gozag
Hepliaklqana
Kikubaaqudgha
Makhleb
Nemelex Xobeh
Okawaru
Qazlal
Ru
Sif Muna
Trog
Uskayaw
Vehumet
Wu Jian
Xom
Yredelemnul
Zin
The Shining One
Jiyva
Lugonu


Innate Abilities, Weirdness & Mutations

((You are very nimble when in or above water. (Stealth+, EV+, Speed+++)))
Your lower body shifts to a powerful aquatic tail in water.


Message History

You are no longer berserk.
You are exhausted.
You feel yourself slow down.
You hear some strange, mumbled words.
A magic dart appears from out of thin air!
The magic dart hits you.
* * * LOW HITPOINT WARNING * * *
There is an open door here.
You hit something but do no damage. Something hits you but does no damage.
Unknown command.
You feel better.
Unknown command.
You barely miss something.
You hear a shout!
Something barely misses you.
You hit something but do no damage. Something hits you but does no damage.
You closely miss something.
You hear a shout!
The jackal skeleton is distracted by your dazzling golden aura.
Something barely misses you.
You hit something.
You hear some strange, mumbled words.
You are confused.
You bump into the metal wall.
You hear some strange, mumbled words.
A magic dart appears from out of thin air!
The magic dart hits you!
* * * LOW HITPOINT WARNING * * *
Something hits you but does no damage.
The jackal skeleton is no longer distracted by gold.
Something barely misses you. The jackal skeleton misses you.
Things that are here:
135 gold pieces; a +0 flail; a +0 ring mail The jackal skeleton attacks as you move away!
The jackal skeleton closely misses you.
You hear some strange, mumbled words.
A puff of flame appears from out of thin air!
The puff of flame hits you!
You die...
Your body crumbles into a pile of gold.

#_________.#
#_________.#
#_______...###########++
##########'##...........
#.?(.')))'.##......#..#.
##########.##...........
#..........†'...........
#+#####'#####......#..#.
#..@{Z##...........
#####'#####'#####++
#....$##.......#
#.....##.......#
###'####.......# ....
#...<...# ......
#.......#
........##.......#
##########.......#


You could see a jackal skeleton.

Vanquished Creatures
  A floating eye (D)
  An orc warrior (D)
  A scorpion (D)
  An ufetubus (D)
  2 orcs (D)
  A ball python (D)
  3 jackals (D)
  2 rats (D)
12 creatures vanquished.

Notes
Turn   | Place    | Note
-------+----------+-------------------------------------------
     0 | D        | rocky1 the Merfolk Gladiator began the quest for the Orb.
     0 | D        | Reached XP level 1. HP: 16/16 MP: 1/1
    16 | D        | Reached skill level 4 in Long Blades
    20 | D        | Found a bloodstained altar of Trog.
    20 | D        | Found a shimmering blue altar of Sif Muna.
    20 | D        | Found a viscous altar of Jiyva.
    20 | D        | Found a hazy altar of Hepliaklqana.
    20 | D        | Found an opulent altar of Gozag.
    21 | D        | Found a glowing golden altar of the Shining One.
    21 | D        | Found a glowing silver altar of Zin.
    21 | D        | Found a basalt altar of Yredelemnul.
    21 | D        | Found a shimmering altar of Xom.
    21 | D        | Found an ornate altar of the Wu Jian Council.
    21 | D        | Found a sacrificial altar of Ru.
    21 | D        | Found a stormy altar of Qazlal.
    21 | D        | Found an iron altar of Okawaru.
    21 | D        | Found a sparkling altar of Nemelex Xobeh.
    21 | D        | Found a burning altar of Makhleb.
    21 | D        | Found a blossoming altar of Fedhas.
    21 | D        | Found a white marble altar of Elyvilon.
    21 | D        | Found a shadowy altar of Dithmenos.
    21 | D        | Found a snail-covered altar of Cheibriados.
    24 | D        | Found a corrupted altar of Lugonu.
    24 | D        | Found a radiant altar of Vehumet.
    25 | D        | Found an ancient bone altar of Kikubaaqudgha.
    25 | D        | Found a hide-covered altar of Uskayaw.
    25 | D        | Found a broken altar of Ashenzari.
    28 | D        | Became a worshipper of Gozag Ym Sagoz the Greedy
    88 | D        | Noticed a floating eye
    97 | D        | Reached XP level 2. HP: 21/24 MP: 2/2
    98 | D        | Paralysed by a floating eye for 3 turns
   102 | D        | Killed a floating eye
   103 | D        | Reached skill level 11 in Long Blades
   103 | D        | Reached XP level 3. HP: 26/29 MP: 3/3
   103 | D        | Reached XP level 4. HP: 31/35 MP: 4/4
   138 | D        | Noticed a scorpion
   138 | D        | Noticed an orc warrior
   151 | D        | Reached skill level 1 in Armour
   151 | D        | Reached XP level 5. HP: 16/41 MP: 5/5
   166 | D        | Killed an orc warrior
   167 | D        | Reached skill level 5 in Fighting
   167 | D        | Reached skill level 12 in Long Blades
   167 | D        | Reached XP level 6. HP: 37/51 MP: 6/6
   184 | D        | Killed from afar by an orc wizard

Illustrated notes

Levels and vault maps discovered:
D:        pitsprint [storerooms_1, entrance_room_1, metal_vault_5, armoury_1,
          mini_pit_1, grid_room_1, main_hall_1, silver_pit, the_coven_3,
          the_vestibule_1, steel_vault_4, golden_pit, hallway_of_sentries,
          crystal_vault_1, iron_vault_5, final_vault]

Skill      XL: |  1  2  3  4  5 |
---------------+----------------+-----
Long Blades    | 4 11 12 | 12.0
Fighting       | 3 5 |  5.4
Armour         | 1 3 |  3.1
Dodging        | 7 |  7.2
Throwing       | |  2.0

Action                   |  1- 3 |  4- 6 || total
-------------------------+-------+-------++-------
Melee: Long sword        |    12 |    32 ||    44
  Use: Potion            |       |     3 ||     3
Armor: Leather armour    |     2 |     7 ||     9
Dodge: Dodged            |     8 |    22 ||    30
